[Event "*** Titled Tuesday Blitz"]
[Site "Chess.com"]
[Date "2020.11.03"]
[Round "2"]
[White "Kildepiotr"]
[Black "Margarita2907"]
[Result "1-0"]
[WhiteElo "2651"]
[BlackElo "2219"]
[TimeControl "180+1"]
[EndTime "10:18:27 PST"]
[Termination "Kildepiotr won by resignation"]

1. Nf3 Nf6 2. g3 c5 3. Bg2 Nc6 4. O-O e5 5. d3 d5 6. Nbd2 Bd6 7. e4 O-O 8. exd5 Nxd5 9. Nc4 Bc7 10. c3 Rb8 11. a4 a6 12. Re1 Re8 13. Ng5 h6 14. Ne4 b6 15. Ned6 Bxd6 16. Bxd5 Bb7 17. Qf3 Qc7 18.
Nxd6 Qxd6 19. Qxf7+ Kh8 20. Be4 Rf8 21. Qh5 Qf6 22. Be3 Ne7 23. Bxb7 Rxb7 24. Rf1 Nd5 25. Rae1 Rbf7 26. a5 Nxe3 27. Rxe3 Re7 28. axb6 Qxb6 29. Rxe5 Rxe5 30. Qxe5 Qxb2 31. Qxc5 Rb8 32. d4 Qa2 33. d5 a5 34. d6 a4 35. d7 Qg8 36. Rd1 Qd8 37.
Qa7 Rb3 38. c4 a3 39. c5 Rc3 40. Qb6 Qxb6 41. cxb6 a2 42. d8=Q+ Kh7 43. b7 1-0

[Event "*** Titled Tuesday Blitz"]
[Site "Chess.com"]
[Date "2020.11.03"]
[Round "2"]
[White "Mbneu"]
[Black "Legendinunknown"]
[Result "0-1"]
[WhiteElo "2232"]
[BlackElo "2656"]
[TimeControl "180+1"]
[EndTime "10:18:29 PST"]
[Termination "Legendinunknown won by resignation"]

1. d4 Nf6 2. c4 e6 3. Nc3 d5 4.
Nf3 c6 5. g3 Nbd7 6. Bg2 Bd6 7.
O-O dxc4 8. Bf4 Bxf4 9. gxf4 Nd5 10. e3 O-O 11. Ne4 b5 12. Kh1 Bb7 13. Rg1 Kh8 14. Nfg5 h6 15. Qh5 Qe7 16. Nc5 Nxc5 17. dxc5 e5 18.
Rae1 Rae8 19. Ne4 Nf6 20. Nxf6 Qxf6 21. f5 e4 22. Bh3 Re5 23. Rg3 Bc8 24. Reg1 Bxf5 25.
Rxg7 Bxh3 26. Qxh3 Qf3+ 27. Qxf3 exf3 28. R7g3 Rf5 29.
Rd1 Rg8 30. Rd7 Rxg3 31. hxg3 Kg7 32. Rxa7 Rxc5 33. Rd7 Rd5 34. Rxd5 cxd5 35. Kg1 Kf6 36. Kf1 Ke5 37. Ke1 d4 38. Kd2 Ke4 39. a3 dxe3+ 40. fxe3 f5 0-1

[Event "*** Titled Tuesday Blitz"]
[Site "Chess.com"]
[Date "2020.11.03"]
[Round "2"]
[White "Natalya_Buksa"]
[Black "Olga_Zhuravleva"]
[Result "1-0"]
[WhiteElo "2533"]
[BlackElo "2315"]
[TimeControl "180+1"]
[EndTime "10:18:29 PST"]
[Termination "Natalya_Buksa won by resignation"]

1. d4 g6 2. Nc3 Bg7 3. e4 d6 4. Bg5 c6 5. f4 Nd7 6. Nf3 Qa5 7. Bc4 b5 8. Bb3 Ngf6 9. e5 dxe5 10. Nxe5 Nxe5 11. fxe5 Ne4 12. Bd2 Nxd2 13. Qxd2 Bf5 14. O-O O-O 15. Qg5 Qc7 16. Ne2 h6 17. Qe3 c5 18. c3 c4 19. Bd1 Bd3 20. Rf2 Qb6 21. Nf4 Bf5 22. Nd5 Qd8 23. Bf3 Rb8 24. g4 Bxg4 25.
Nxe7+ Qxe7 26. Bxg4 h5 27. Bh3 Kh7 28. Re1 Bh6 29.
Qe4 Rbe8 30. Kh1 Qg5 31. Rg1 Qe3 32. Qf3 b4 33. Rgf1 bxc3 34. bxc3 Rb8 35. Qxe3 Bxe3 36.
Rxf7+ Rxf7 37. Rxf7+ Kh6 38. e6 Rb1+ 39. Kg2 Re1 40. d5 Bd2 41. d6 Bxc3 42. d7 Ba5 43. e7 Re2+ 44. Kf3 1-0

[Event "*** Titled Tuesday Blitz"]
[Site "Chess.com"]
[Date "2020.11.03"]
[Round "2"]
[White "akanga001"]
[Black "profofchess"]
[Result "0-1"]
[WhiteElo "1916"]
[BlackElo "2366"]
[TimeControl "180+1"]
[EndTime "10:18:29 PST"]
[Termination "profofchess won by checkmate"]

1. d4 Nf6 2. c4 e6 3. a3 c5 4. Nf3 cxd4 5. Nxd4 d5 6. e3 Nc6 7. Nc3 e5 8. Nc2 Be6 9. cxd5 Nxd5 10. Bb5 Nxc3 11.
Qxd8+ Rxd8 12. Bxc6+ bxc6 13. bxc3 Bc4 14. f3 Bc5 15.
Nb4 Rd6 16. Rb1 O-O 17. Kf2 f5 18. Re1 Rfd8 19. a4 a5 20. Nc2 Rd2+ 21. Bxd2 Rxd2+ 22. Kg3 Rxc2 23. Rb8+ Kf7 24. Rd1 Be6 25. Rdd8 f4+ 26. Kh4 Rxg2 27. Rb7+ Be7+ 28. Kh5 Rxh2# 0-1

[Event "*** Titled Tuesday Blitz"]
[Site "Chess.com"]
[Date "2020.11.03"]
[Round "2"]
[White "Sashadav97"]
[Black "Savva09022009"]
[Result "0-1"]
[WhiteElo "2638"]
[BlackElo "2358"]
[TimeControl "180+1"]
[EndTime "10:18:30 PST"]
[Termination "Savva09022009 won by resignation"]

1. Nf3 d5 2. c4 d4 3. b4 e6 4. Bb2 c5 5. e3 dxe3 6. fxe3 cxb4 7. d4 Nf6 8. Bd3 Be7 9. O-O O-O 10. Nbd2 b5 11. cxb5 Bb7 12. e4 a6 13. Qe2 axb5 14.
d5 exd5 15. e5 Ne4 16. Nxe4 dxe4 17. Bxe4 Bxe4 18. Qxe4 Na6 19. e6 Qb6+ 20. Nd4 fxe6 21.
Qxe6+ Qxe6 22. Nxe6 Rxf1+ 23. Rxf1 Nc5 24. Nxg7 Rxa2 25.
Bd4 Nb3 26. Be5 Nd2 27. Re1 b3 28. Kh1 b2 29. Nf5 b1=Q 30. Nxe7+ Kf7 31. Rxb1 Nxb1 32. Nd5 Nd2 33. h4 Ke6 34. Nb4 Ra4 35. Bc3 Ne4 36.
Be1 Ra1 37. Nc2 Rc1 38. Nd4+ Kd5 39. Nf3 b4 0-1

[Event "*** Titled Tuesday Blitz"]
[Site "Chess.com"]
[Date "2020.11.03"]
[Round "2"]
[White "GMaka"]
[Black "BAS8892"]
[Result "0-1"]
[WhiteElo "2385"]
[BlackElo "2684"]
[TimeControl "180+1"]
[EndTime "10:18:32 PST"]
[Termination "BAS8892 won by resignation"]

1. d4 d5 2. c4 c6 3. Nf3 Nf6 4. e3 Bf5 5. Nc3 e6 6. Nh4 Bg6 7. Qb3 Qb6 8. Nxg6 hxg6 9. Bd2 Nbd7 10. c5 Qc7 11. Qc2 b6 12. cxb6 axb6 13. g3 Qb7 14.
Bg2 b5 15. O-O Be7 16. b4 O-O 17. a4 bxa4 18. Nxa4 Nb6 19. Nc5 Qc7 20. Bc3 Nc4 21. Rxa8 Rxa8 22. Ra1 Rxa1+ 23. Bxa1 Qa7 24. Bc3 Qa3 25.
Bf1 Nd6 26. Qb2 Qxb2 27. Bxb2 Nb5 28. Bd3 Kf8 29. f3 Ke8 30. e4 Kd8 31. e5 Nd7 32. f4 Nb6 33. Kf2 Nc4 34. Ba1 Kc7 35.
g4 Kb6 36. Kg3 Nc7 37. h4 Kb5 38. Bc3 Na6 39. f5 exf5 40. gxf5 gxf5 41. Bxf5 Nxb4 42.
Bxb4 Kxb4 43. Nd3+ Kc3 44. Nf4 Kxd4 45. e6 fxe6 46.
Nxe6+ Ke5 47. Bg4 g6 48. Nc7 Ne3 49. Bd7 c5 50. Be8 Nf5+ 51. Kg4 Nxh4 52. Bf7 d4 53.
Nd5 Bd8 0-1

[Event "*** Titled Tuesday Blitz"]
[Site "Chess.com"]
[Date "2020.11.03"]
[Round "2"]
[White "grunbergmihai"]
[Black "LaPorfia"]
[Result "1-0"]
[WhiteElo "2470"]
[BlackElo "2291"]
[TimeControl "180+1"]
[EndTime "10:18:32 PST"]
[Termination "grunbergmihai won by resignation"]

1. Nf3 c5 2. c4 Nc6 3. g3 g6 4. Bg2 Bg7 5. O-O e5 6. Nc3 Nge7 7. d3 d6 8. a3 O-O 9. Rb1 a5 10. Bg5 f6 11. Bd2 Be6 12. Ne1 d5 13. cxd5 Nxd5 14. Nc2 Nd4 15. Ne3 Nxc3 16. bxc3 Nf5 17. Rxb7 Rb8 18.
Nxf5 Bxf5 19. Qb3+ Kh8 20. c4 Rxb7 21. Qxb7 Qb8 22.
Bxa5 Qxb7 23. Bxb7 Rb8 24. Bf3 Rb2 25. Ra1 Bd7 26.
Bc7 Ba4 27. Bd6 f5 28. e4 g5 29. Bxc5 g4 30. Bg2 f4 31. gxf4 exf4 32. d4 h5 33.
e5 f3 34. Bf1 h4 35. Re1 Bh6 36. e6 Bd2 37. Re4 Rb1 38. e7 g3 39. e8=Q+ 1-0

[Event "*** Titled Tuesday Blitz"]
[Site "Chess.com"]
[Date "2020.11.03"]
[Round "2"]
[White "ApacheSVD"]
[Black "pirulillo"]
[Result "1-0"]
[WhiteElo "2416"]
[BlackElo "2197"]
[TimeControl "180+1"]
[EndTime "10:18:33 PST"]
[Termination "ApacheSVD won by checkmate"]

1. e4 c5 2. Nf3 e6 3. d4 cxd4 4. Nxd4 Nf6 5. Nc3 Nc6 6. Ndb5 d6 7. Bf4 e5 8. Bg5 a6 9. Na3 b5 10. Nd5 Be7 11. Bxf6 Bxf6 12. c4 b4 13. Nc2 Rb8 14.
g3 O-O 15. h4 a5 16. Bh3 Bxh3 17. Rxh3 Qd7 18. Nxf6+ gxf6 19. g4 a4 20. b3 axb3 21.
axb3 Ra8 22. Rxa8 Rxa8 23. Rd3 Nd4 24. Nxd4 exd4 25. Rxd4 Ra2 26. Rxd6 Qa7 27. Qd4 Ra1+ 28. Ke2 Qa2+ 29. Kf3 Qxb3+ 30. Kf4 Ra3 31. Rxf6 Qf3+ 32. Kg5 Ra5+ 33. Kh6 Ra8 34. Rg6+ Kf8 35. Qd6+ Ke8 36. Rg8# 1-0

[Event "*** Titled Tuesday Blitz"]
[Site "Chess.com"]
[Date "2020.11.03"]
[Round "2"]
[White "Beca95"]
[Black "GMartin_Petrov"]
[Result "1-0"]
[WhiteElo "2957"]
[BlackElo "2615"]
[TimeControl "180+1"]
[EndTime "10:18:34 PST"]
[Termination "Beca95 won on time"]

1. d4 Nf6 2. c4 e6 3. Nf3 d5 4. Bg5 Be7 5. Nbd2 O-O 6. Qc2 b6 7. e3 Bb7 8. cxd5 Nxd5 9. Bxe7 Qxe7 10. a3 Nd7 11. Bd3 h6 12. b4 e5 13. O-O exd4 14.
Nxd4 Ne5 15. Be4 Rad8 16. Rac1 Rc8 17. N2b3 c5 18. bxc5 bxc5 19. Nf5 Qf6 20. Nxc5 g6 21. Nd4 Ng4 22. Qe2 Rxc5 23. Rxc5 Qd6 24. Qxg4 Qxc5 25. Bxg6 Nf6 26. Qg3 fxg6 27. Qxg6+ Kh8 28. Ne6 Qe7 29.
Qxh6+ Nh7 30. Nxf8 Qxf8 31. Qxf8+ Nxf8 32. Rb1 Bd5 33. Rb5 Bc4 34. Rb8 Kg7 35. f4 Bd5 36. g4 Nd7 37.
Rd8 Bc6 38. Kf2 Nf6 39. Kg3 Ne4+ 40. Kh4 Nc3 41. h3 1-0

[Event "*** Titled Tuesday Blitz"]
[Site "Chess.com"]
[Date "2020.11.03"]
[Round "2"]
[White "Akhayan"]
[Black "AlexSuv"]
[Result "0-1"]
[WhiteElo "2277"]
[BlackElo "2590"]
[TimeControl "180+1"]
[EndTime "10:18:34 PST"]
[Termination "AlexSuv won by resignation"]

1. d4 Nf6 2. Nf3 e6 3. g3 c5 4. Bg2 Nc6 5. O-O d5 6. c4 cxd4 7. Nxd4 Be7 8. cxd5 exd5 9. Nc3 O-O 10. Bg5 Be6 11.
Rc1 Rc8 12. Nxc6 bxc6 13. Na4 h6 14. Be3 Qc7 15. Bc5 Rfe8 16. Bxe7 Rxe7 17. Nc5 Bg4 18.
Re1 Rce8 19. Rc2 Qa5 20. Nb3 Qxa2 21. Nd4 c5 22. Rxc5 Qxb2 23. Qa1 Qxa1 24. Rxa1 Bxe2 25. Nxe2 Rxe2 26. Rxa7 Re1+ 27. Bf1 d4 28. Kg2 Rd1 29. Ra3 Rd2 30. Rd3 Rxf2+ 31. Kxf2 Ne4+ 32. Kf3 Nxc5 33. Rxd4 Ne6 34. Rd7 Ng5+ 35. Kg2 Rc8 36. Rd2 g6 37. h4 Ne6 38. Ra2 Kg7 39. Ra7 Rc2+ 40. Kh3 g5 41.
Bg2 g4+ 42. Kh2 Nd4 43. Kg1 Ne2+ 44. Kf2 Nf4+ 45. Ke3 Nxg2+ 0-1

[Event "*** Titled Tuesday Blitz"]
[Site "Chess.com"]
[Date "2020.11.03"]
[Round "2"]
[White "GM_LOADING"]
[Black "Flutaga"]
[Result "1-0"]
[WhiteElo "2471"]
[BlackElo "1863"]
[TimeControl "180+1"]
[EndTime "10:18:34 PST"]
[Termination "GM_LOADING won on time"]

1. Nf3 Nf6 2. g3 b5 3. Bg2 Bb7 4. O-O e6 5. a4 a6 6. b3 Be7 7.
Bb2 O-O 8. d4 c5 9. dxc5 Bxc5 10.
axb5 axb5 11. Nc3 b4 12. Na4 Be7 13. Ne5 d5 14. Qd4 Nc6 15. Nxc6 Bxc6 16. Rfd1 Qc7 17.
Qe5 Bd6 18. Qg5 Ne8 19. Rd2 Bxa4 20. bxa4 Qc6 21. a5 Qc7 22. e4 dxe4 23. Bxe4 f5 24. Bxa8 Be7 25. Qe3 Qc8 26. Bb7 Qxb7 27. Qxe6+ Rf7 28. a6 Qa7 29. Rd7 Qc5 30. a7 f4 31.
a8=Q 1-0

[Event "*** Titled Tuesday Blitz"]
[Site "Chess.com"]
[Date "2020.11.03"]
[Round "2"]
[White "Chuchofrio1"]
[Black "obliviate12"]
[Result "0-1"]
[WhiteElo "2348"]
[BlackElo "2710"]
[TimeControl "180+1"]
[EndTime "10:18:34 PST"]
[Termination "obliviate12 won by resignation"]

1. e4 c6 2. d4 d5 3. exd5 cxd5 4.
Bd3 Nf6 5. Bf4 Qb6 6. Na3 Bd7 7. Rb1 Qxd4 8. Ne2 Qb6 9. Be3 Qc7 10. Nb5 Bxb5 11. Bxb5+ Nc6 12. Nd4 e5 13. Nxc6 bxc6 14. Ba4 Be7 15. O-O O-O 16. Qf3 Rab8 17. c3 e4 18. Qh3 Bd6 19. Bd4 Nd7 20. Qg4 Ne5 21.
Bxe5 Bxe5 22. f4 exf3 23. Rxf3 Bxh2+ 24. Kh1 Be5 25. Kg1 g6 26. Rh3 Bg7 27. Qh4 h5 28.
g4 Rfe8 29. gxh5 Re4 30. Qg5 Qd7 31. Rh2 Rg4+ 0-1

[Event "*** Titled Tuesday Blitz"]
[Site "Chess.com"]
[Date "2020.11.03"]
[Round "2"]
[White "johnathan113"]
[Black "ArjunErigaisi2003"]
[Result "0-1"]
[WhiteElo "2619"]
[BlackElo "2986"]
[TimeControl "180+1"]
[EndTime "10:18:35 PST"]
[Termination "ArjunErigaisi2003 won on time"]

1. d4 e6 2. Nc3 d5 3. e4 Bb4 4. e5 c5 5. Bd2 Nh6 6. a3 Bxc3 7. Bxc3 Nc6 8. dxc5 d4 9. Bd2 Nxe5 10.
Bxh6 gxh6 11. Bb5+ Kf8 12. Qd2 Qd5 13. Qxh6+ Ke7 14.
Qg5+ f6 15. Qg7+ Nf7 16. O-O-O Bd7 17. Bxd7 Rag8 18. Qxh8 Nxh8 19. Ba4 Rxg2 20. Ne2 e5 21.
Rhe1 Kf8 22. Nf4 exf4 23. Re8+ Kg7 24. Bb3 Qf3 25. Rg8+ Kh6 26. Rxh8 Qxf2 27. Rd8 Qe3+ 28. Kb1 Rg1 29. Rxg1 Qxg1+ 30. Ka2 f3 31. Rg8 f2 0-1

[Event "*** Titled Tuesday Blitz"]
[Site "Chess.com"]
[Date "2020.11.03"]
[Round "2"]
[White "Malev212"]
[Black "ChessLover0108"]
[Result "0-1"]
[WhiteElo "2541"]
[BlackElo "2841"]
[TimeControl "180+1"]
[EndTime "10:18:35 PST"]
[Termination "ChessLover0108 won by resignation"]

1. e4 c5 2. Nf3 d6 3. d4 cxd4 4. Nxd4 Nf6 5. Nc3 a6 6. h3 e5 7. Nb3 Be6 8. Be3 Nbd7 9. f4 Rc8 10. Qf3 exf4 11. Bxf4 Ne5 12. Qe3 Nh5 13. Bh2 Qc7 14. O-O-O Be7 15. g4 Nf6 16. Nd4 O-O 17. Nf5 Rfe8 18.
Be2 b5 19. Rd2 Bf8 20. a3 Bxf5 21. gxf5 d5 22. exd5 Bd6 23. Rg1 Nd3+ 24. Qxd3 Bxh2 25. d6 Qc5 26. Rf1 Rcd8 27. Nd5 Nxd5 28. Bh5 Bf4 29. Rxf4 Nxf4 30. Qf3 Nxh5 31. Qxh5 Re1+ 0-1

[Event "*** Titled Tuesday Blitz"]
[Site "Chess.com"]
[Date "2020.11.03"]
[Round "2"]
[White "talman67"]
[Black "Radzio1987"]
[Result "0-1"]
[WhiteElo "2534"]
[BlackElo "2815"]
[TimeControl "180+1"]
[EndTime "10:18:35 PST"]
[Termination "Radzio1987 won by resignation"]

1. e4 c6 2. d4 d5 3. e5 Bf5 4.
Nf3 e6 5. Be2 Nd7 6. O-O Ne7 7.
Nbd2 Nc8 8. Nb3 Be7 9. c3 Ncb6 10. Be3 Nc4 11. Qc1 a5 12. a4 Nxe3 13. fxe3 O-O 14.
Qd2 f6 15. exf6 Nxf6 16. Bd3 Bd6 17. Ng5 Bxh2+ 18. Kh1 Bd6 19. Bxf5 exf5 20. Rxf5 Ng4 21. Qc2 g6 22. Rxf8+ Qxf8 23. Qe2 Qh6+ 24. Nh3 Qh4 25. Qe1 Bg3 26. Qe2 Nf2+ 27. Kg1 Nxh3+ 28. gxh3 Qxh3 29. Rf1 Re8 30. Rf3 b6 31. Qg2 Qxg2+ 32. Kxg2 Bh4 33. Nc1 Bg5 34. Kf2 Kg7 35. Nd3 Bf6 36. b4 axb4 37. cxb4 Ra8 38. Nb2 Be7 39. b5 cxb5 40. axb5 Ra2 0-1

[Event "*** Titled Tuesday Blitz"]
[Site "Chess.com"]
[Date "2020.11.03"]
[Round "2"]
[White "elohunter1999"]
[Black "Lagmantr"]
[Result "0-1"]
[WhiteElo "2484"]
[BlackElo "2722"]
[TimeControl "180+1"]
[EndTime "10:18:35 PST"]
[Termination "Lagmantr won on time"]

1. e4 c6 2. d4 d5 3. e5 c5 4. dxc5 e6 5. a3 Bxc5 6. b4 Be7 7. Nf3 a5 8. b5 Nd7 9. Bd3 f6 10. Bb2 Nh6 11. O-O Nf7 12. exf6 Bxf6 13. Qc1 e5 14. Be2 O-O 15. Nbd2 Nc5 16. a4 Bg4 17. h3 Bh5 18. Re1 Rc8 19. Nxe5 Nxe5 20. Bxh5 Ncd3 21. cxd3 Rxc1 22.
Rexc1 Nxd3 23. Bxf6 Qxf6 24. Rf1 Qg5 25. Bf3 Qxd2 26. Rad1 Qc3 27. Bxd5+ Kh8 28. Bxb7 Nc5 29. Bf3 Nxa4 30. Rd5 Nb6 31. Rd6 Qc5 32. Rfd1 h6 33.
Rd8 Rxd8 34. Rxd8+ Kh7 35. Be4+ g6 36. g3 a4 37. Rb8 a3 38. Rb7+ Kh8 39. Ra7 Nc4 40.
Ra8+ Kg7 41. h4 Nd6 42. Bc6 Qc1+ 43. Kg2 Qb2 44. Bd5 Qxb5 45. Ra7+ Kf6 46. Ba2 Qc5 47.
Ra6 Ke5 48. f4+ Kd4 49. Ra4+ Ke3 50. Bg8 Qc6+ 0-1

[Event "*** Titled Tuesday Blitz"]
[Site "Chess.com"]
[Date "2020.11.03"]
[Round "2"]
[White "RamyresCoelho"]
[Black "Markov_Mikhail"]
[Result "0-1"]
[WhiteElo "2050"]
[BlackElo "2638"]
[TimeControl "180+1"]
[EndTime "10:18:35 PST"]
[Termination "Markov_Mikhail won on time"]

1. e4 c5 2. Nf3 d6 3. d4 cxd4 4. Nxd4 Nf6 5. Nc3 a6 6. f3 e6 7. Be3 h5 8. Qd2 Be7 9. O-O-O Nbd7 10. Bd3 Qc7 11. Kb1 b5 12. Rhe1 b4 13. Na4 Nc5 14. b3 Nxa4 15. bxa4 Bd7 16. Nb3 Bxa4 17. Qxb4 Bd7 18.
Bb6 Qc8 19. a4 a5 20. Nxa5 O-O 21. g4 h4 22. g5 Nh5 23. e5 Rb8 24. exd6 Bd8 25.
Nc4 Bxa4 26. Re4 Qc6 27. Rxh4 g6 28. Rxh5 gxh5 29. g6 fxg6 30. Bxg6 Rf4 0-1

[Event "*** Titled Tuesday Blitz"]
[Site "Chess.com"]
[Date "2020.11.03"]
[Round "2"]
[White "Sacbutt"]
[Black "Snegokhod"]
[Result "0-1"]
[WhiteElo "2296"]
[BlackElo "2472"]
[TimeControl "180+1"]
[EndTime "10:18:37 PST"]
[Termination "Snegokhod won by resignation"]

1. e4 e5 2. Nf3 f6 3. d4 d5 4. Nc3 Bb4 5. exd5 e4 6. Nd2 f5 7.
Bc4 Nf6 8. O-O O-O 9. d6+ Kh8 10. dxc7 Qxc7 11. Nb5 Qb6 12. c3 Be7 13. Re1 a6 14. Na3 Bxa3 15. bxa3 Nc6 16. Nb3 Qc7 17. Be2 Ne7 18. Bb2 Be6 19. Rc1 b5 20. Qd2 Bc4 21. Bxc4 Qxc4 22. Qe2 Rfc8 23. Qxc4 Rxc4 24. Nd2 Rc7 25.
c4 bxc4 26. Rxc4 Rac8 27. Rec1 Rxc4 28. Rxc4 Rxc4 29. Nxc4 Kg8 30. f3 Kf7 31. fxe4 fxe4 32. Kf2 Ned5 33. h3 Ke6 34. a4 Nd7 35. Ne3 Nxe3 36.
Kxe3 Kd5 37. a5 Nf6 38. Ba3 g6 39. Bc5 Ne8 40. Bb6 Ng7 41. a3 Nf5+ 42. Kf4 Nxd4 43. g4 Ne6+ 44. Ke3 g5 45. Ba7 Nf4 46. h4 Ng2+ 47.
Kf2 Nxh4 48. Be3 Nf3 0-1

[Event "*** Titled Tuesday Blitz"]
[Site "Chess.com"]
[Date "2020.11.03"]
[Round "2"]
[White "ViktoriyaTarasova"]
[Black "Manukyan_Artak"]
[Result "1-0"]
[WhiteElo "2264"]
[BlackElo "2428"]
[TimeControl "180+1"]
[EndTime "10:18:38 PST"]
[Termination "ViktoriyaTarasova won by resignation"]

1. d4 Nf6 2. c4 e6 3. Nc3 Bb4 4. Qc2 d5 5. cxd5 exd5 6. Bg5 O-O 7. e3 Bg4 8. Bd3 h6 9. Bh4 Nbd7 10. h3 Be6 11.
Ne2 c5 12. Nf4 cxd4 13. exd4 Rc8 14. Nxe6 fxe6 15. O-O Qa5 16. Qe2 Rce8 17. Rac1 e5 18. dxe5 Rxe5 19. Qc2 Nc5 20. Bg6 d4 21. Ne2 Bd2 22.
Qc4+ Kh8 23. Rcd1 b5 24. Qxd4 Rxe2 25. Qxc5 Bb4 26. Qd4 Qxa2 27. Qxb4 Qxb2 28. Qxb2 Rxb2 29. Bxf6 gxf6 30. Rd7 b4 31. Re1 Rc8 32. Ree7 b3 33. Rh7+ Kg8 34. Rhg7+ Kh8 35. Rxa7 Ra2 36. Rab7 b2 37.
Rh7+ Kg8 38. Rhg7+ Kh8 39. Rh7+ Kg8 40. Bf7+ Kf8 41. Bxa2 1-0

[Event "*** Titled Tuesday Blitz"]
[Site "Chess.com"]
[Date "2020.11.03"]
[Round "2"]
[White "ZEN-22"]
[Black "politeplayer"]
[Result "1-0"]
[WhiteElo "2444"]
[BlackElo "2247"]
[TimeControl "180+1"]
[EndTime "10:18:39 PST"]
[Termination "ZEN-22 won by checkmate"]

1. g3 d5 2. Bg2 Nf6 3. c4 e6 4. Nf3 Be7 5. O-O O-O 6. d4 c5 7.
cxd5 exd5 8. Nc3 Nc6 9. Bf4 cxd4 10. Nxd4 Nxd4 11. Qxd4 Be6 12. Be5 Qa5 13. Rfd1 Ng4 14. e3 Nxe5 15. Qxe5 Bf6 16. Qf4 Bxc3 17. bxc3 Qxc3 18.
a4 Rac8 19. h4 Rc4 20. Qd6 Bg4 21. Rdc1 Qxc1+ 22. Rxc1 Rxc1+ 23. Kh2 Rc2 24. Bxd5 Rxf2+ 25. Kg1 Rf6 26. Qb4 Rc8 27. Qxg4 Rc1+ 28. Kg2 Rc2+ 29.
Kh3 g6 30. Qe4 Rff2 31. Kg4 h5+ 32. Kg5 Kg7 33. Bxf7 Rf5+ 34. Qxf5 gxf5 35. Bxh5 Rc4 36. Bf3 b6 37. Kxf5 Rxa4 38. g4 Ra3 39. Kf4 b5 40. g5 b4 41. h5 b3 42. h6+ Kh8 43. g6 Ra4+ 44. Kg5 b2 45. g7+ Kg8 46. Bd5+ Kh7 47. g8=Q# 1-0

[Event "*** Titled Tuesday Blitz"]
[Site "Chess.com"]
[Date "2020.11.03"]
[Round "2"]
[White "ajian"]
[Black "Enriquack"]
[Result "0-1"]
[WhiteElo "2423"]
[BlackElo "2248"]
[TimeControl "180+1"]
[EndTime "10:18:39 PST"]
[Termination "Enriquack won by resignation"]

1. d4 Nf6 2. Bg5 c5 3. d5 Qb6 4.
Bxf6 gxf6 5. Nd2 f5 6. e3 Bg7 7. Nc4 Qg6 8. a4 d6 9. Nf3 Nd7 10. Bd3 Nf6 11. Be2 Ne4 12. O-O Bf6 13. Nfd2 Rg8 14.
Bf3 Bd7 15. c3 h5 16. Qc2 Ng5 17. g3 h4 18. Bg2 Rh8 19. e4 f4 20. Rac1 hxg3 21. fxg3 fxg3 22. hxg3 Qh6 23. Nf3 Bg4 24. Nh4 Nh3+ 25. Bxh3 Bxh3 26. Rf4 Bg5 27. Ng2 Bxg2 28. Qxg2 Bxf4 29. gxf4 O-O-O 30. Qg4+ Kb8 31. Kf2 Rdg8 32.
Qf3 Qh2+ 33. Ke3 Rh3 34. Rf1 Rxf3+ 35. Rxf3 Qg1+ 36. Kd3 Qb1+ 37. Ke3 Qa2 38. Nd2 Qxa4 39. Rg3 Rxg3+ 0-1

[Event "*** Titled Tuesday Blitz"]
[Site "Chess.com"]
[Date "2020.11.03"]
[Round "2"]
[White "Bastiandash"]
[Black "PattyCastillo"]
[Result "0-1"]
[WhiteElo "2349"]
[BlackElo "1929"]
[TimeControl "180+1"]
[EndTime "10:18:39 PST"]
[Termination "PattyCastillo won on time"]

1. e4 c5 2. Nf3 d6 3. Bb5+ Nd7 4. c3 a6 5. Bd3 Ngf6 6. Bc2 e5 7. O-O Be7 8. d4 O-O 9. a4 Qc7 10. d5 c4 11. Qe2 Rb8 12. a5 b6 13.
axb6 Rxb6 14. Na3 Nc5 15. Nxc4 Rb8 16. Na5 Bd7 17. b4 Nb7 18. Nxb7 Rxb7 19. Bd2 Bb5 20. Bd3 Rc8 21. c4 Bxc4 22. Rfc1 Bxd3 23. Rxc7 Bxe2 24. Rxc8+ Bf8 25. Re1 Bd3 26. Ng5 h6 0-1

[Event "*** Titled Tuesday Blitz"]
[Site "Chess.com"]
[Date "2020.11.03"]
[Round "2"]
[White "Fins0905"]
[Black "mishanick"]
[Result "0-1"]
[WhiteElo "2624"]
[BlackElo "3020"]
[TimeControl "180+1"]
[EndTime "10:18:40 PST"]
[Termination "mishanick won on time"]

1. d4 Nf6 2. c4 e6 3. Nf3 d5 4.
Bg5 Bb4+ 5. Nc3 dxc4 6. Qa4+ Nc6 7. e3 Bd7 8. Qc2 b5 9. Be2 a6 10. O-O Be7 11. e4 O-O 12. Rad1 Re8 13. h3 h6 14. Bf4 Nb4 15. Qc1 Bf8 16. Ne5 Nc6 17. a3 Nxe5 18.
Bxe5 Bc6 19. Qe3 Bb7 20. Bf3 Rc8 21. Bxf6 gxf6 22. e5 Bxf3 23. Qxf3 f5 24. d5 Qg5 25. dxe6 Rxe6 26. Rfe1 c6 27. g4 fxg4 28. hxg4 Bg7 29. Rd7 Rf8 30. Rc7 Bxe5 31. Ne4 Bxc7 32. Nxg5 Rxe1+ 33. Kg2 hxg5 34. Qxc6 Bf4 35. Qxa6 Re5 36.
Qc6 Kg7 37. Qd7 Rh8 38. Qd4 Rh2+ 39. Kf3 Rh3+ 40. Kg2 Rd3 41. Qb6 Rd2 42. Kf3 Rxb2 43. Qd4 Rb3+ 44. Kg2 Rxa3 45. Qd6 Rd3 46. Qb6 c3 47.
Qc6 b4 48. Qc4 Rd2 49. Kh3 c2 0-1

[Event "*** Titled Tuesday Blitz"]
[Site "Chess.com"]
[Date "2020.11.03"]
[Round "2"]
[White "AsaHoffmann"]
[Black "Mikasinski"]
[Result "1-0"]
[WhiteElo "2299"]
[BlackElo "2445"]
[TimeControl "180+1"]
[EndTime "10:18:40 PST"]
[Termination "AsaHoffmann won on time"]

1. d4 Nf6 2. Bg5 d5 3. Nd2 c5 4. e3 Nc6 5. c3 e5 6. dxe5 Nxe5 7. Ngf3 Ng6 8. Bb5+ Ke7 9. e4 h6 10. Bxf6+ gxf6 11. Qe2 d4 12. g3 a6 13. Bc4 Be6 14. O-O b5 15. Bxe6 fxe6 16. e5 Bg7 17. exf6+ Bxf6 18. Rfe1 Qd5 19. cxd4 cxd4 20. Nb3 d3 21. Qe3 Rac8 22.
Rad1 Rhd8 23. Rxd3 Qxd3 24. Qxe6+ Kf8 25. Qxf6+ Kg8 26.
Re3 Qb1+ 27. Kg2 Rf8 28. Qe6+ Kh8 29. Nbd4 Rce8 30. Qxe8 Rxe8 31. Rxe8+ Kh7 32. h4 Qxa2 33. h5 Nh8 34. Re7+ Kg8 35. Nf5 Nf7 36. N3h4 1-0

[Event "*** Titled Tuesday Blitz"]
[Site "Chess.com"]
[Date "2020.11.03"]
[Round "2"]
[White "ZverevLev"]
[Black "Bacyanide"]
[Result "1-0"]
[WhiteElo "2251"]
[BlackElo "2426"]
[TimeControl "180+1"]
[EndTime "10:18:40 PST"]
[Termination "ZverevLev won on time"]

1. e4 c6 2. d4 d5 3. e5 c5 4. dxc5 e6 5. a3 Bxc5 6. b4 Bb6 7. Qg4 Ne7 8. Nf3 Nf5 9. Bd3 h5 10.
Qf4 Nc6 11. Bb2 Nce7 12. O-O a5 13. Nbd2 Bd7 14. Nb3 Qc8 15. Rfe1 h4 16. Nbd4 Ng6 17. Qd2 axb4 18. axb4 Rxa1 19. Rxa1 Nxd4 20. Nxd4 Nxe5 21. Nb5 Bxb5 22. Bxb5+ Nc6 23. Bxg7 Rg8 24. Qh6 h3 25. Ra3 hxg2 26. Rf3 Qa8 27. Qf6 Rxg7 28. Qxg7 Qa2 29. Qxf7+ Kd8 30. Qf8+ 1-0

[Event "*** Titled Tuesday Blitz"]
[Site "Chess.com"]
[Date "2020.11.03"]
[Round "2"]
[White "Sebastian"]
[Black "MartinZumsande"]
[Result "1-0"]
[WhiteElo "2911"]
[BlackElo "2582"]
[TimeControl "180+1"]
[EndTime "10:18:41 PST"]
[Termination "Sebastian won by resignation"]

1. c4 e6 2. g3 d5 3. Bg2 Nf6 4. Nf3 dxc4 5. Qa4+ Nbd7 6. Qxc4 c5 7. d3 b6 8. Nd4 Ne5 9. Nc6 Nxc6 10. Bxc6+ Bd7 11.
Bxa8 Qxa8 12. O-O h5 13. h4 Be7 14. Bg5 Ng4 15. Bxe7 Kxe7 16. Nd2 Bc6 17. Qf4 e5 18.
Qg5+ Kf8 19. b4 f6 20. Qf5 Kf7 21. Ne4 g6 22. Qf3 f5 23. Ng5+ Kg7 24. e4 Qe8 25.
bxc5 bxc5 26. Rac1 Rf8 27. Qe2 fxe4 28. Nxe4 Bxe4 29.
dxe4 Qe7 30. Rc3 Rf7 31. f3 Nf6 32. Rfc1 Nd7 33. Kg2 Qe6 34. Rd1 Kh6 35. Qc4 Qc6 36.
Qxf7 1-0

[Event "*** Titled Tuesday Blitz"]
[Site "Chess.com"]
[Date "2020.11.03"]
[Round "2"]
[White "keshka01"]
[Black "gmmoranda"]
[Result "0-1"]
[WhiteElo "2579"]
[BlackElo "2897"]
[TimeControl "180+1"]
[EndTime "10:18:41 PST"]
[Termination "gmmoranda won by resignation"]

1. Nf3 Nf6 2. b3 d5 3. Bb2 e6 4. c4 Be7 5. e3 O-O 6. Nc3 dxc4 7.
Bxc4 a6 8. a4 b6 9. O-O Bb7 10. d4 Nbd7 11. Qe2 c5 12. Rfd1 Qc7 13. d5 exd5 14. Nxd5 Nxd5 15. Bxd5 Nf6 16. Be5 Qc8 17. Bxb7 Qxb7 18. Bd6 Ne4 19. Bxe7 Qxe7 20. Rac1 Qf6 21.
Qc4 Rfe8 22. Qc2 g5 23. h3 h5 24. Rd5 g4 25. hxg4 hxg4 26. Nh2 Qg6 27. g3 Re6 28. Qe2 Nf6 29. Rd2 Kg7 30. Rcd1 Rh8 31. Rd8 Rh6 32. Qf1 Re5 33. Qg2 Reh5 34. Nf1 Ne4 35.
Re1 Qh7 36. f4 0-1